Map: Chantier naval orbital

Players

RandyMarsh - Winner!

  • Race: Terran Terran
  • League: Silver

AgCl

  • Race: Protoss Protoss
  • League: Gold

VOD

Have the link to the VOD?

Description

Time

  • Played on: July 17, 2015, 7:25 p.m.
  • Length: 9:13
Show
View Real Time Build Order
Export as new Build Order

RandyMarsh Terran - Winner!

Build Orders: Reaper Expand 

Get SALT Encoding   

  12  0:07  SCV  
  13  0:19  SCV  
  14  0:26  Supply Depot  
  14  0:31  SCV  
  15  0:47  SCV  
  15  0:49  Barracks  
  16  0:55  Refinery  
  16  0:59  SCV  
  17  1:11  SCV  
  18  1:24  SCV  
  19  1:39  Orbital Command  
  19  1:40  Reaper  
  19  1:45  Command Center  
  20  1:48  Refinery  
  20  1:56  Supply Depot  
  20  2:05  SCV  
  21  2:18  Factory  
  21  2:21  Marine  
  22  2:39  Marine  
  23  2:57  SCV, Barracks Reactor  
  24  3:01  Factory Tech Lab  
  24  3:05  Orbital Command  
  24  3:07  Starport  
  24  3:09  SCV  
  25  3:18  Supply Depot  
  25  3:21  SCV  
  25  3:24  Armory  
  26  3:33  SCV  
  27  3:37  Siege Tank  
  27  3:38  Marine x2  
  32  3:44  SCV  
  32  3:45  SCV  
  34  3:52  Supply Depot  
  34  3:56  SCV  
  34  4:00  Marine  
  33  4:03  Marine  
  33  4:05  Engineering Bay  
  33  4:09  Widow Mine  
  34  4:18  Marine  
  34  4:27  SCV  
  34  4:28  SCV  
  36  4:35  Missile Turret  
  36  4:36  Marine  
  36  4:37  Widow Mine  
  36  4:53  Starport Reactor  
  36  4:54  Marine  
  36  4:57  Barracks  
  37  5:00  Barracks  
  37  5:01  Supply Depot, SCV  
  37  5:04  Refinery  
  37  5:06  Refinery  
  38  5:08  Factory Reactor  
  38  5:11  SCV  
  38  5:13  SCV  
  41  5:15  Liberator  
  41  5:16  Terran Infantry Weapons Level 1  
  41  5:19  Liberator  
  41  5:22  Barracks Tech Lab  
  41  5:23  SCV  
  41  5:25  SCV  
  42  5:35  SCV  
  46  5:37  SCV  
  50  5:43  Engineering Bay  
  50  5:47  SCV, Barracks Tech Lab  
  52  5:50  SCV  
  52  5:51  Barracks Reactor  
  52  5:59  SCV  
  52  6:02  SCV, Marine  
  55  6:05  Liberator  
  53  6:11  SCV  
  53  6:20  Marine  
  55  6:45  Supply Depot  
  55  6:46  Marauder x2, Marine x2  
  61  6:47  Terran Infantry Armor Level 1  
  61  6:48  Supply Depot  
  59  7:03  Marine  
  59  7:06  Marine  
  59  7:08  Marauder x2  
  64  7:18  SCV  
  64  7:19  SCV, Medivac  
  64  7:21  Marine  
  69  7:24  Marine  
  69  7:29  Marauder x2  
  74  7:40  Viking  
  76  7:49  Viking  
  78  7:56  Marine  
  78  7:57  Marauder  
  78  7:58  Starport  
  78  8:00  Marauder, Marine  
  81  8:11  Barracks  
  81  8:13  SCV  
  81  8:14  Command Center, Marine  
  81  8:18  Marauder, Marine  
  86  8:23  Marauder  
  85  8:32  Marine  
  86  8:43  Marauder  
  86  8:46  Marine  
  86  8:51  Marauder  
  92  9:02  Supply Depot  
  94  9:03  Supply Depot  
Show
View Real Time Build Order
Export as new Build Order

AgCl Protoss 

Build Orders: Oracle Opening 

Get SALT Encoding   

  12  0:12  Pylon  
  12  0:13  Probe  
  13  0:30  Gateway  
  13  0:32  Probe  
  14  0:44  Probe  
  14  0:47  Assimilator  
  15  0:55  Assimilator  
  15  0:56  Pylon  
  15  0:59  Probe (Chrono Boost)  
  16  1:09  Probe (Chrono Boost)  
  17  1:16  Zealot (Chrono Boost)  
  17  1:17  Probe  
  20  1:29  Cybernetics Core  
  20  1:30  Probe (Chrono Boost)  
  21  1:42  Probe (Chrono Boost)  
  22  1:49  Probe (Chrono Boost)  
  23  2:00  Probe (Chrono Boost), Pylon  
  24  2:07  Stargate  
  24  2:12  Probe (Chrono Boost)  
  25  2:21  Probe (Chrono Boost)  
  25  2:22  Warp Gate  
  26  2:29  Mothership Core (Chrono Boost)  
  28  2:42  Adept  
  30  2:49  Probe (Chrono Boost)  
  30  2:54  Oracle  
  30  2:55  Probe (Chrono Boost)  
  34  3:06  Forge  
  34  3:07  Probe  
  35  3:25  Nexus  
  35  3:27  Probe  
  36  3:43  Photon Cannon  
  36  3:44  Probe (Chrono Boost)  
  37  3:48  Pylon  
  38  3:56  Probe (Chrono Boost)  
  38  4:06  Probe  
  39  4:18  Probe (Chrono Boost)  
  40  4:30  Probe (Chrono Boost)  
  41  4:32  Gateway  
  41  4:33  Gateway  
  41  4:38  Probe (Chrono Boost), Pylon  
  42  4:41  Assimilator  
  39  4:46  Pylon  
  33  5:00  Probe  
  33  5:03  Probe  
  33  5:06  Nexus  
  35  5:10  Assimilator  
  35  5:13  Probe  
  36  5:14  Assimilator  
  36  5:21  Fleet Beacon  
  37  5:25  Probe  
  37  5:26  Adept  
  40  5:36  Protoss Ground Weapons Level 1 (Chrono Boost)  
  40  5:37  Protoss Air Weapons Level 1 (Chrono Boost)  
  40  5:42  Pylon  
  41  5:43  Probe (Chrono Boost)  
  41  5:44  Probe (Chrono Boost)  
  42  5:50  Probe (Chrono Boost)  
  42  5:51  Probe (Chrono Boost), Adept  
  42  5:55  Adept  
  47  6:01  Probe x2  
  49  6:16  Probe x2 (Chrono Boost)  
  49  6:18  Adept x2  
  55  6:21  Probe (Chrono Boost)  
  55  6:25  Pylon  
  56  6:30  Probe x3 (Chrono Boost)  
  55  6:38  Probe (Chrono Boost)  
  55  6:39  Probe (Chrono Boost)  
  53  6:42  Adept x2  
  53  6:44  Probe (Chrono Boost)  
  58  6:52  Assimilator  
  60  6:55  Probe (Chrono Boost)  
  60  6:58  Probe (Chrono Boost)  
  56  7:12  Photon Cannon  
  56  7:13  Probe (Chrono Boost)  
  56  7:14  Probe (Chrono Boost)  
  54  7:16  Probe (Chrono Boost), Nexus  
  54  7:17  Anion Pulse-Crystals  
  54  7:20  Phoenix (Chrono Boost)  
  54  7:25  Photon Cannon  
  54  7:26  Probe (Chrono Boost)  
  54  7:28  Pylon  
  54  7:32  Probe  
  54  7:35  Probe  
  55  7:38  Probe, Phoenix (Chrono Boost)  
  55  7:49  Stargate  
  47  7:54  Stalker  
  45  8:05  Phoenix (Chrono Boost)  
  45  8:18  Probe  
  45  8:20  Probe  
  47  8:29  Adept  
  47  8:30  Adept  
  52  8:34  Probe (Chrono Boost)  
  52  8:39  Probe (Chrono Boost)  
  53  8:41  Probe (Chrono Boost)  
  53  8:45  Assimilator  
  53  8:47  Probe (Chrono Boost)  
  54  8:48  Pylon  
  54  8:50  Probe  
  54  8:51  Probe  
  54  8:52  Probe  
  57  8:58  Probe  
  58  9:03  Adept x3  
Tags
 
Add a new tag
Caveats
  • Supply blocks, unpowered buildings, or Contaminate may cause inaccurate times.
  • Supply counts are checked every 10 seconds.